 Dungeon Crawl Stone Soup version 0.27.1-1-g398f81649c (webtiles) character file.

Game seed: 16606303840305264818

205 Descartes the Magician (level 6, -2/40 HPs)
             Began as a Djinni Fire Elementalist on Sept 6, 2021.
             Killed by divine providence
             ... invoked by an orc priest
              (16 damage)
             ... on level 4 of the Dungeon.
             The game lasted 00:08:18 (5417 turns).

Descartes the Magician (Djinni Fire Elementalist)   Turns: 5417, Time: 00:08:19

Health: -2/40      AC:  3    Str:  9    XL:     6   Next: 9%
Gold:   116        EV: 12    Int: 17    God:
                   SH:  0    Dex: 13

rFire    + + .     SeeInvis .   s - +2 short sword (vamp)
rCold    x . .     Faith    .   (no shield)
rNeg     . . .     Spirit   .   a - +0 robe
rPois    ∞         Reflect  .   (no helmet)
rElec    .         Harm     .   (no cloak)
rCorr    .         Rampage  .   m - +0 pair of gloves
Will     .....                  (boots unavailable)
Stlth    ++........             (no amulet)
HPRegen  0.13/turn              (no ring)
MPRegen  0.00/turn              (no ring)

@: flying
A: sickness immunity, fire resistance 2, cold vulnerability 1, float, innate
caster, hp casting, extra vitality 1
a: no special abilities


You were on level 4 of the Dungeon.
You visited 1 branch of the dungeon, and saw 4 of its levels.

You collected 116 gold pieces.

Inventory:

Hand Weapons
 h - a +0 long sword
 s - a +2 vampiric short sword (weapon)
 u - a +0 whip of venom
Missiles
 e - 18 poisoned darts
 i - 37 stones
 l - 10 arrows
 r - 16 sling bullets
 v - 26 bolts
Armour
 a - a +0 robe (worn)
 m - a +0 pair of gloves (worn)
Jewellery
 f - an amulet of faith
Scrolls
 b - a scroll of blinking {unknown}
 c - a scroll of fear {unknown}
 d - 4 scrolls of identify {unknown}
 g - a scroll of magic mapping {unknown}
 j - a scroll of enchant weapon {unknown}
Potions
 k - a potion of heal wounds {unknown}
 n - a potion of brilliance {unknown}
 o - 2 potions of lignification {unknown}
 p - a potion of berserk rage {unknown}
 q - a potion of attraction {unknown}
 t - a potion of cancellation {unknown}


   Skills:
 - Level 0.2 Fighting
 - Level 0.6 Long Blades
 + Level 2.9 Dodging
 + Level 2.4 Stealth
 + Level 4.2 Spellcasting


You couldn't memorise any spells.
You knew the following spells:

 Your Spells              Type           Power      Damage    Failure   Level
a - Foxfire               Conj/Fire      72%        2x1d7     2%          1
b - Conjure Flame         Conj/Fire      18%        6-21      8%          3
c - Inner Flame           Hex/Fire       18%        N/A       8%          3
d - Sticky Flame          Conj/Fire      18%        2d4       26%         4
e - Fireball              Conj/Fire      9%         3d6       58%         5
f - Sting                 Tmut/Pois      72%        1d6       2%          1
g - Searing Ray           Conj           36%        3d4       4%          2
Your spell library was empty.

Dungeon Overview and Level Annotations

Branches:
Dungeon (4/15)
 Temple: D:4-7

Altars:
Beogh

Annotations:
D:3 3 runed translucent doors, makewrite's ghost, amateur HOBe


Innate Abilities, Weirdness & Mutations

You are immune to sickness and miasma.
You are immune to poison.
Your flesh is very heat resistant. (rF++)
You are vulnerable to cold. (rC-)
You float through the air rather than walking.
You learn spells naturally, not from books.
Your magical power is your life essence.
You have superior vitality. (+4 HP)


Message History

Beogh smites you!
The orc priest looks encouraged for a moment.
Casting: Foxfire (safe; 2% risk of failure)
Confirm with . or Enter, or press ? or * to list all spells.
You conjure some foxfire!
The orc priest miscasts a cantrip.
Casting: Foxfire (safe; 2% risk of failure)
Confirm with . or Enter, or press ? or * to list all spells.
There is not enough space to conjure foxfire!
Unknown command.
Casting: Foxfire (safe; 2% risk of failure)
Confirm with . or Enter, or press ? or * to list all spells.
There is not enough space to conjure foxfire!
Unknown command.
The foxfire hits the orc.
The orc is severely wounded.
The foxfire hits the orc.
You kill the orc!
Casting: Foxfire (safe; 2% risk of failure)
Confirm with . or Enter, or press ? or * to list all spells.
You conjure some foxfire!
Your magical contamination has completely faded away.
The foxfire hits the orc.
The orc is heavily wounded.
The foxfire hits the orc.
The orc is heavily wounded.
Casting: Foxfire (safe; 2% risk of failure)
Confirm with . or Enter, or press ? or * to list all spells.
You conjure some foxfire!
The orc priest looks braver for a moment.
The foxfire hits the orc.
The orc is severely wounded.
The foxfire hits the orc.
The orc is almost dead.
The orc priest mumbles some strange prayers to Beogh against you.
Beogh smites you! The orc closely misses you.
The orc priest invokes the aid of Beogh against you.
Beogh smites you!
You die...

..## #.#.......#........#.#
...# #.#.##.#..##########.#
...###.# #.#.............#
.#..##.# #.#..############
.##.##.# #.#..#.o.o......#
###..#.# ..#..#o########.#
##.#.######..#.# #.#
#...........#o# #o#
#####.########.#@#######†.)#
........................>....
######.####.##.#########....#..
#..# #........... ...... ...
##.###..#.##.....#####..# ##
#######..##..#... .... ..#
.......#.##..#.##..... o.#
######.#..#..#.# ....
#.##.#..#.# ###


You could see an orc priest and 2 orcs.

Vanquished Creatures
  A scorpion (D:3)
  Terence (D:2)
  2 adders
  A gnoll (D:1)
  An ufetubus (D:4)
  A worm (D:2)
  5 dart slugs
  2 orcs
  8 ball pythons
  8 bats
  5 endoplasms
  5 giant cockroaches
  4 goblins
  4 hobgoblins
  4 jackals (D:2)
  9 kobolds
  5 frilled lizards
  9 rats
75 creatures vanquished.

Vanquished Creatures (others)
  371 foxfires
371 creatures vanquished.

Grand Total: 446 creatures vanquished

Notes
Turn   | Place    | Note
-------+----------+-------------------------------------------
     0 | D:1      | Descartes the Djinni Fire Elementalist began the quest for
                  | the Orb.
     0 | D:1      | Reached XP level 1. HP: 15/15 MP: 0/0
   111 | D:1      | Reached XP level 2. HP: 14/21 MP: 0/0
   394 | D:1      | Reached skill level 3 in Spellcasting
   504 | D:1      | Reached XP level 3. HP: 21/25 MP: 0/0
   504 | D:1      | Learned a level 1 spell: Sting
  2115 | D:2      | Reached XP level 4. HP: 25/31 MP: 0/0
  3491 | D:3      | Noticed Terence
  3747 | D:2      | Killed Terence
  3748 | D:2      | Reached XP level 5. HP: 15/35 MP: 0/0
  3748 | D:2      | Learned a level 2 spell: Searing Ray
  4185 | D:3      | Reached skill level 4 in Spellcasting
  4538 | D:3      | Found a runed translucent gate.
  4539 | D:3      | Found a runed translucent gate.
  4539 | D:3      | Noticed makewrite's ghost (amateur HOBe)
  4540 | D:3      | Found a runed translucent gate.
  4790 | D:3      | Found a faded altar of an unknown god.
  5231 | D:4      | Reached XP level 6. HP: 38/40 MP: 0/0
  5417 | D:4      | Killed from afar by an orc priest

Illustrated notes

Levels and vault maps discovered:
D:1:      scummos_arrival_simple_crosswalls, layout_basic,
          kennysheep_flooded_box, minmay_tetromino_i4
D:2:      layout_loops_ring
D:3:      layout_basic, dreamdust_ecumenical_altar_statues,
          biasface_ghost_orc_armoury, minmay_misc_feat_encased, uniq_terence
D:4:      layout_basic, mainiacjoe_overflow_concentric_impassable,
          nicolae_ru_path_of_blood, uniq_ijyb

Skill      XL: |  1  2  3  4  5 |
---------------+----------------+-----
Spellcasting   | 3 4 |  4.2
Stealth        | 2 |  2.4
Fighting       | |  0.2
Long Blades    | |  0.6
Dodging        | |  2.9

Action                   |  1- 3 |  4- 6 || total
-------------------------+-------+-------++-------
Melee: Short sword       |       |     1 ||     1
 Cast: Foxfire           |   107 |   123 ||   230
       Sting             |       |     1 ||     1
Armor: Robe              |     2 |     3 ||     5
Dodge: Dodged            |     5 |    21 ||    26
       Rpst.: Long sword |       |     5 ||     5
